 Dungeon Crawl Stone Soup version 0.19-a0-749-g66ae36b (webtiles) character file.

145 FitzyFitz the Poker (level 5, 0/45 HPs)
             Began as a Centaur Monk on June 24, 2016.
             Shot with an arrow by a centaur (8 damage)
             ... on level 7 of the Dungeon.
             The game lasted 00:07:55 (3412 turns).

FitzyFitz the Poker (Centaur Monk)                  Turns: 3412, Time: 00:07:56

Health: 0/45       AC:  7    Str: 14    XL:     5   Next: 6%
Magic:  5/5        EV:  9    Int:  9    God:
Gold:   155        SH:  0    Dex: 12    Spells: 0 memorised, 4 levels left

rFire  . . .     SeeInvis .     u - -1 hunting sling (curse)
rCold  + . .     Gourm    .     j - +0 ring mail
rNeg   . . .     Faith    .     (no shield)
rPois  .         Spirit   .     (no helmet)
rElec  .         Dismiss  .     (no cloak)
rCorr  .         Reflect  .     B - +1 pair of gloves
SustAt .         Harm     .     (no barding)
MR     .....                    (no amulet)
Stlth  ..........               (no ring)
                                y - ring of protection from cold

@: very quick, not resistant to hostile enchantments, extremely unstealthy
A: hooves 3, deformed body, speed 2, tough skin 3
a: no special abilities


You were on level 7 of the Dungeon.
You were very hungry.

You visited 1 branch of the dungeon, and saw 5 of its levels.

You collected 155 gold pieces.

Inventory:

Hand Weapons
 a - a +1 spear
 d - a +0 spear of freezing
 k - a +0 whip of freezing
 u - a cursed -1 hunting sling (weapon)
Missiles
 f - 49 poisoned needles
 l - 106 stones (quivered)
 m - 46 bolts
 n - a throwing net
 o - 15 arrows
 v - 25 sling bullets
Armour
 i - a +0 leather armour
 j - a +0 ring mail (worn)
 p - a +0 ring mail
 z - the cursed +0 leather armour "Kinkebb" {+Blink rC- rN+++ Dex-5}
   (You found it on level 4 of the Dungeon)

   It affects your dexterity (-5).
   It makes you vulnerable to cold.
   It renders you almost immune to negative energy.
   It lets you blink.
   It has a curse placed upon it.
 B - a +1 pair of gloves (worn)
Jewellery
 y - a ring of protection from cold (left hand)
Scrolls
 t - a scroll of recharging
Potions
 b - a potion of lignification
 e - a potion of resistance
 h - a potion of magic
 q - a potion of ambrosia
 r - 2 potions of heal wounds
 x - a potion of might
Comestibles
 c - 2 bread rations
 g - 2 slices of pizza
 w - 2 meat rations


   Skills:
 - Level 3.0 Fighting
 + Level 5.3 Polearms
 - Level 2.1 Dodging
 - Level 1.2 Stealth


You had 4 spell levels left.
You didn't know any spells.

Dungeon Overview and Level Annotations

Branches:
Dungeon (4/15)
 Temple: D:4-7

Altars:
Dithmenos
Elyvilon
Pakellas
Ru
Uskayaw
Vehumet
Xom
Zin

Annotations:
D:7 Adhene's ghost, novice SpEn


Innate Abilities, Weirdness & Mutations

You have hooves in place of feet.
Armour fits poorly on your strangely shaped body.
You cover ground very quickly.
You have extremely tough skin. (AC +3)


Message History

Adhene's ghost casts a spell at you.
You are unaffected.
A centaur comes into view.
The centaur shouts!
The centaur wields a shortbow.
The centaur shoots an arrow.
The arrow hits you.
You see here an arrow.
Adhene's ghost gestures at you while chanting.
You resist with significant effort.
The centaur shoots an arrow.
The arrow hits you!
Things that are here:
an arrow; 11 gold pieces The centaur shoots an arrow.
The arrow hits you.
* * * LOW HITPOINT WARNING * * *
You see here an arrow.
The centaur shoots an arrow.
The arrow hits you.
* * * LOW HITPOINT WARNING * * *
Found a scroll of random uselessness.
You see here an arrow.
The centaur shoots an arrow.
The arrow hits you!
You die...

...###.### # #.#
#.# .
#.###########
...###........ ..#
#.....h###.#.# #.#
..####.###.#.###?#
#a##.....##.#
#.##..#..##@#
#.##ha..Wh(.#
#..S.(..>O..#
####o#..........
.........#####
#.#.[.....#
#.#...#c##.. #
##.##.# ... #.#...
....


You could see an ogre, a centaur, 2 hounds, a worker ant, an orc wizard and
Adhene's ghost.

Vanquished Creatures
  A jelly (D:3)
  7 adders
  An adder skeleton (D:4)
  3 worms (D:2)
  A dart slug (D:3)
  A giant gecko (D:3)
  An orc (D:3)
  3 giant cockroaches (D:2)
  4 goblins
  4 hobgoblins
  2 kobolds
  A quokka (D:2)
  A ball python (D:2)
  4 bats
  2 giant newts
  A quokka skeleton (D:4)
  6 rats
43 creatures vanquished.

Notes
Turn   | Place    | Note
--------------------------------------------------------------
     0 | D:1      | FitzyFitz the Centaur Monk began the quest for the Orb.
     0 | D:1      | Reached XP level 1. HP: 19/19 MP: 1/1
   169 | D:1      | Reached skill level 3 in Polearms
   271 | D:1      | Reached XP level 2. HP: 26/26 MP: 2/2
   718 | D:2      | Found a hide-covered altar of Uskayaw.
   718 | D:2      | Found a shadowy altar of Dithmenos.
   719 | D:2      | Found a radiant altar of Vehumet.
   720 | D:2      | Found a sacrificial altar of Ru.
   720 | D:2      | Found a white marble altar of Elyvilon.
  1107 | D:2      | Reached XP level 3. HP: 31/31 MP: 3/3
  1341 | D:2      | Reached skill level 4 in Polearms
  1538 | D:2      | Found an oddly glowing altar of Pakellas.
  1856 | D:3      | Reached XP level 4. HP: 33/38 MP: 4/4
  2788 | D:4      | Reached skill level 5 in Polearms
  2893 | D:4      | Got a transparent leather armour
  2905 | D:4      | Identified the cursed +0 leather armour "Kinkebb" {+Blink rC- rN+++ Dex-5} (You found it on level 4 of the Dungeon)
  3169 | D:4      | Found a glowing silver altar of Zin.
  3225 | D:4      | Reached XP level 5. HP: 45/45 MP: 5/5
  3254 | D:4      | Found a shimmering altar of Xom.
  3254 | D:4      | Found a shimmering altar of Xom.
  3254 | D:4      | Found a shimmering altar of Xom.
  3256 | D:4      | Found a shimmering altar of Xom.
  3256 | D:4      | Found a shimmering altar of Xom.
  3256 | D:4      | Found a shimmering altar of Xom.
  3272 | D:4      | You fall through a shaft for 3 floors!
  3278 | D:7      | Noticed a phantom
  3311 | D:7      | Noticed a manticore
  3402 | D:7      | Noticed Adhene's ghost (novice SpEn)
  3404 | D:7      | Noticed an ogre
  3406 | D:7      | Noticed a centaur
  3412 | D:7      | Shot with an arrow by a centaur

Vault maps used:
D:1:      dpeg_arrival_solitude
D:2:      marbit_many_paths, grunt_temple_overflow_open
D:4:      zin_academy, xom_redecorated, overflow_temple_1_default

Skill      XL: |  1  2  3  4 |
---------------+-------------+-----
Polearms       | 3 4 5 |  5.3
Fighting       | |  3.0
Dodging        | |  2.1
Stealth        | |  1.2

Action                   |  1- 3 |  4- 6 || total
-------------------------+-------+-------++-------
Melee: Spear             |   115 |     9 ||   124
       Kick              |    17 |     2 ||    19
 Fire: Hunting sling     |       |    94 ||    94
Throw: Stone             |     1 |       ||     1
  Use: Scroll            |       |    18 ||    18
  Eat: Chunk             |     2 |     2 ||     4
Armor: Robe              |     1 |       ||     1
       Leather armour    |    11 |       ||    11
       Ring mail         |     3 |    46 ||    49
Dodge: Dodged            |    26 |    50 ||    76
